Workbook

Sheet 一般预算收入
A1: 附件1
A2: 址山镇2021年一般公共预算收入预算调整表
E3: 单位:万元
A4: 科目号 | B4: 科目名称 | C4: 2021年预算 | D4: 调整预算数 | E4: 预计完成数
A5: 一、一般公共预算收入 | C5: =C6+C21 -> 8800 | E5: 8800
A6: 101 | B6: 税收收入 | C6: =SUBTOTAL(9,C7:C20) -> 7000 | E6: 7000
A7: 10101 | B7: 增值税 | C7: 3580 | E7: 3580
A8: 10104 | B8: 企业所得税 | C8: 600 | E8: 600
A9: 10106 | B9: 个人所得税 | C9: 200 | E9: 200
A10: 10107 | B10: 资源税 | C10: 8 | E10: 8
A11: 10109 | B11: 城市维护建设税 | C11: 800 | E11: 800
A12: 10110 | B12: 房产税 | C12: 500 | E12: 500
A13: 10111 | B13: 印花税 | C13: 250 | E13: 250
A14: 10112 | B14: 城镇土地使用税 | C14: 700 | E14: 700
A15: 10113 | B15: 土地增值税 | C15: 350 | E15: 350
A16: 10114 | B16: 车船税 | C16: 2 | E16: 2
A17: 10118 | B17: 耕地占用税 | C17: 0 | E17: 0
A18: 10119 | B18: 契税 | C18: 0 | E18: 0
... A20: 10199 | B20: 其他税收收入 | C20: 0 | E20: 0
A21: 103 | B21: 非税收入 | C21: =SUBTOTAL(9,C22:C29) -> 1800 | E21: 1800
A22: 10302 | B22: 专项收入 | C22: 0
A23: 10304 | B23: 行政事业性收费收入 | C23: 200 | E23: 200
A24: 10305 | B24: 罚没收入 | C24: 0
A25: 10306 | B25: 国有资本经营收入 | C25: 0
A26: 10307 | B26: 国有资源（资产）有偿使用收入 | C26: 1600 | E26: 1600
A27: 10308 | B27: 捐赠收入 | C27: 0
A28: 10309 | B28: 政府住房基金收入 | C28: 0
A29: 10399 | B29: 其他收入 | C29: 0
A30: 二、上级补助收入 | C30: =C31+C37+C58 -> 5461 | D30: 1371 | E30: =E31+E37+E58 -> 6832
A31: 11001 | B31: 返还性收入 | C31: 355 | E31: 355
A32: 1100102 | B32: 所得税基数返还收入 | C32: 0
A33: 1100103 | B33: 成品油税费改革税收返还收入 | C33: 0
A34: 1100104 | B34: 增值税税收返还收入 | C34: 0
A35: 1100106 | B35: 增值税“五五分享”税收返还收入 | C35: 0
A36: 1100199 | B36: 其他税收返还收入 | C36: 355 | E36: 355
A37: 11002 | B37: 一般性转移支付收入 | C37: 5106 | D37: 1371 | E37: 6477
A38: 1100202 | B38: 均衡性转移支付收入 | C38: 0
A39: 1100207 | B39: 县级基本财力保障机制奖补资金
A40: 1100208 | B40: 结算补助收入 | C40: 0
A41: 1100214 | B41: 企业事业单位划转补助收入 | C41: 0
A42: 1100221 | B42: 城乡义务教育等转移支付收入
A43: 1100222 | B43: 基本养老金转移支付收入
A44: 1100223 | B44: 城乡居民医疗保险转移支付收入
A45: 1100224 | B45: 农村综合改革转移支付收入
A46: 1100227 | B46: 固定数额补助收入 | C46: 125 | E46: 125
A47: 1100231 | B47: 贫困地区转移支付收入
A48: 1100244 | B48: 公共安全共同财政事权转移支付收入
A49: 1100245 | B49: 教育共同财政事权转移支付收入 | C49: 0
A50: 1100247 | B50: 文化旅游体育与传媒共同财政事权转移支付收入
A51: 1100248 | B51: 社会保障和就业共同财政事权转移支付收入 | C51: 0
A52: 1100249 | B52: 医疗卫生共同财政事权转移支付收入 | C52: 0
A53: 1100250 | B53: 节能环保共同财政事权转移支付收入
A54: 1100252 | B54: 农林水共同财政事权转移支付收入 | C54: 0
A55: 1100253 | B55: 交通运输共同财政事权转移支付收入
A56: 1100258 | B56: 住房保障共同财政事权转移支付收入
A57: 1100299 | B57: 其他一般性转移支付收入 | C57: 4981 | D57: 1371 | E57: =SUM(C57:D57) -> 6352
A58: 11003 | B58: 专项转移支付收入
A59: 三、债务转贷收入
A60: 1101101 | B60: 地方政府一般债务转贷收入
A61: 110110101 | B61: 地方政府一般债券转贷收入
A62: 四、上年结余收入
A63: 11008 | B63: 上年结余收入
A64: 五、调入资金
A65: 1100901 | B65: 调入一般公共预算资金
A66: 110090102 | B66: 从政府性基金预算调入一般公共预算
A67: 110090199 | B67: 从其他资金调入一般公共预算
A68: 六、动用预算稳定调节基金
A69: 11015 | B69: 动用预算稳定调节基金
A70: 收 入 合 计 | C70: =C5+C30+C59+C62+C64+C68 -> 14261 | D70: 1371 | E70: =SUM(C70:D70) -> 15632

Sheet 一般预算支出-功能
A1: 附件2
A2: 址山镇2021年一般公共预算支出预算调整表
A3: （功能分类支出）
A5: 科目号 | B5: 科目名称 | C5: 2021年预算 | D5: 初步调整预算 | E5: 上级补助 | F5: 调整预算数 | G5: 预计完成数
A6: 一、一般公共预算支出 | C6: =C7+C236+C276+C295+C385+C437+C493+C550+C686+C760+C839+C862+C973+C1037+C1100+C1120+C1150+C1160+C1205+C1227+C1270+C1326+C1327+C1332+C1340 -> 13800 | D6: =D7+D236+D276+D295+D385+D437+D493+D550+D686+D760+D839+D862+D973+D1037+D1100+D1120+D1150+D1160+D1205+D1227+D1270+D1326+D1327+D1332+D1340 -> 0 | E6: =E7+E236+E276+E295+E385+E437+E493+E550+E686+E760+E839+E862+E973+E1037+E1100+E1120+E1150+E1160+E1205+E1227+E1270+E1326+E1327+E1332+E1340 -> 1370.9 | F6: =F7+F236+F276+F295+F385+F437+F493+F550+F686+F760+F839+F862+F973+F1037+F1100+F1120+F1150+F1160+F1205+F1227+F1270+F1326+F1327+F1332+F1340 -> 1370.9 | G6: =G7+G236+G276+G295+G385+G437+G493+G550+G686+G760+G839+G862+G973+G1037+G1100+G1120+G1150+G1160+G1205+G1227+G1270+G1326+G1327+G1332+G1340 -> 15170.9
A7: 201 | B7: 一般公共服务支出 | C7: =C8+C20+C29+C40+C51+C62+C73+C81+C103+C112+C123+C135+C142+C150+C156+C163+C170+C177+C184+C191+C199+C205+C211+C218+C233+C90 -> 1864 | D7: =D8+D20+D29+D40+D51+D62+D73+D81+D103+D112+D123+D135+D142+D150+D156+D163+D170+D177+D184+D191+D199+D205+D211+D218+D233+D90 -> -103 | E7: =E8+E20+E29+E40+E51+E62+E73+E81+E103+E112+E123+E135+E142+E150+E156+E163+E170+E177+E184+E191+E199+E205+E211+E218+E233+E90 -> 74 | F7: =SUM(D7:E7) -> -29 | G7: =G8+G20+G29+G40+G51+G62+G73+G81+G103+G112+G123+G135+G142+G150+G156+G163+G170+G177+G184+G191+G199+G205+G211+G218+G233+G90 -> 1835
A8: 20101 | B8: 人大事务 | C8: 6 | D8: 0 | F8: =SUM(D8:E8) -> 0 | G8: =C8+F8 -> 6
A9: 2010101 | B9: 行政运行 | D9: 0 | F9: =SUM(D9:E9) -> 0 | G9: 0
A10: 2010102 | B10: 一般行政管理事务 | D10: 0 | F10: =SUM(D10:E10) -> 0 | G10: 0
A11: 2010103 | B11: 机关服务 | D11: 0 | F11: =SUM(D11:E11) -> 0 | G11: 0
A12: 2010104 | B12: 人大会议 | D12: 0 | F12: =SUM(D12:E12) -> 0 | G12: 0
A13: 2010105 | B13: 人大立法 | D13: 0 | F13: =SUM(D13:E13) -> 0 | G13: 0
A14: 2010106 | B14: 人大监督 | D14: 0 | F14: =SUM(D14:E14) -> 0 | G14: 0
A15: 2010107 | B15: 人大代表履职能力提升 | D15: 0 | F15: =SUM(D15:E15) -> 0 | G15: 0
A16: 2010108 | B16: 代表工作 | D16: 0 | F16: =SUM(D16:E16) -> 0 | G16: 0
A17: 2010109 | B17: 人大信访工作 | D17: 0 | F17: =SUM(D17:E17) -> 0 | G17: 0
A18: 2010150 | B18: 事业运行 | F18: =SUM(D18:E18) -> 0 | G18: 0
A19: 2010199 | B19: 其他人大事务支出 | C19: 6 | D19: 0 | F19: =SUM(D19:E19) -> 0 | G19: 6
A20: 20102 | B20: 政协事务 | C20: =SUM(C21:C28) -> 0 | D20: =SUM(D21:D28) -> 0 | F20: =SUM(D20:E20) -> 0 | G20: =SUM(G21:G28) -> 0
A21: 2010201 | B21: 行政运行 | D21: 0 | F21: =SUM(D21:E21) -> 0 | G21: 0
A22: 2010202 | B22: 一般行政管理事务 | D22: 0 | F22: =SUM(D22:E22) -> 0 | G22: 0
A23: 2010203 | B23: 机关服务 | D23: 0 | F23: =SUM(D23:E23) -> 0 | G23: 0
A24: 2010204 | B24: 政协会议 | D24: 0 | F24: =SUM(D24:E24) -> 0 | G24: 0
A25: 2010205 | B25: 委员视察 | D25: 0 | F25: =SUM(D25:E25) -> 0 | G25: 0
A26: 2010206 | B26: 参政议政 | D26: 0 | F26: =SUM(D26:E26) -> 0 | G26: 0
A27: 2010250 | B27: 事业运行 | F27: =SUM(D27:E27) -> 0
A28: 2010299 | B28: 其他政协事务支出 | C28: 0 | D28: 0 | F28: =SUM(D28:E28) -> 0 | G28: 0
A29: 20103 | B29: 政府办公厅（室）及相关机构事务 | C29: =SUM(C30:C39) -> 1734 | D29: -103 | E29: =SUM(E30:E39) -> 54 | F29: =SUM(D29:E29) -> -49 | G29: =SUM(G30:G39) -> 1685
A30: 2010301 | B30: 行政运行 | C30: 1084 | D30: 0 | E30: 54 | F30: =SUM(D30:E30) -> 54 | G30: =C30+F30 -> 1138
A31: 2010302 | B31: 一般行政管理事务 | C31: 327 | D31: -72 | F31: =SUM(D31:E31) -> -72 | G31: =C31+F31 -> 255
A32: 2010303 | B32: 机关服务 | D32: 0 | F32: =SUM(D32:E32) -> 0 | G32: 0
A33: 2010304 | B33: 专项服务 | D33: 0 | F33: =SUM(D33:E33) -> 0 | G33: 0
A34: 2010305 | B34: 专项业务及机关事务管理 | D34: 0 | F34: =SUM(D34:E34) -> 0 | G34: 0
A35: 2010306 | B35: 政务公开审批 | D35: 0 | F35: =SUM(D35:E35) -> 0 | G35: 0
A36: 2010308 | B36: 信访事务 | D36: 0 | F36: =SUM(D36:E36) -> 0 | G36: 0
A37: 2010309 | B37: 参事事务 | F37: =SUM(D37:E37) -> 0
A38: 2010350 | B38: 事业运行 | C38: 271 | D38: -31 | F38: =SUM(D38:E38) -> -31 | G38: =C38+F38 -> 240
A39: 2010399 | B39: 其他政府办公厅（室）及相关机构事务支出 | C39: 52 | D39: 0 | F39: =SUM(D39:E39) -> 0 | G39: =C39+F39 -> 52
A40: 20104 | B40: 发展与改革事务 | C40: =SUM(C41:C50) -> 0 | D40: =SUM(D41:D50) -> 0 | F40: =SUM(D40:E40) -> 0 | G40: =SUM(G41:G50) -> 0
A41: 2010401 | B41: 行政运行 | D41: 0 | F41: =SUM(D41:E41) -> 0 | G41: 0
A42: 2010402 | B42: 一般行政管理事务 | D42: 0 | F42: =SUM(D42:E42) -> 0 | G42: 0
A43: 2010403 | B43: 机关服务 | D43: 0 | F43: =SUM(D43:E43) -> 0 | G43: 0
A44: 2010404 | B44: 战略规划与实施 | D44: 0 | F44: =SUM(D44:E44) -> 0 | G44: 0
A45: 2010405 | B45: 日常经济运行调节 | D45: 0 | F45: =SUM(D45:E45) -> 0 | G45: 0
A46: 2010406 | B46: 社会事业发展规划 | D46: 0 | F46: =SUM(D46:E46) -> 0 | G46: 0
A47: 2010407 | B47: 经济体制改革研究 | D47: 0 | F47: =SUM(D47:E47) -> 0 | G47: 0
A48: 2010408 | B48: 物价管理 | D48: 0 | F48: =SUM(D48:E48) -> 0 | G48: 0
A49: 2010450 | B49: 事业运行 | D49: 0 | F49: =SUM(D49:E49) -> 0 | G49: 0
A50: 2010499 | B50: 其他发展与改革事务支出 | D50: 0 | F50: =SUM(D50:E50) -> 0 | G50: 0
A51: 20105 | B51: 统计信息事务 | C51: =SUM(C52:C61) -> 0 | D51: =SUM(D52:D61) -> 0 | E51: =SUM(E52:E61) -> 20 | F51: =SUM(D51:E51) -> 20 | G51: =SUM(G52:G61) -> 20
A52: 2010501 | B52: 行政运行 | D52: 0 | F52: =SUM(D52:E52) -> 0 | G52: 0
A53: 2010502 | B53: 一般行政管理事务 | D53: 0 | F53: =SUM(D53:E53) -> 0 | G53: 0
A54: 2010503 | B54: 机关服务 | D54: 0 | F54: =SUM(D54:E54) -> 0 | G54: 0
A55: 2010504 | B55: 信息事务 | D55: 0 | F55: =SUM(D55:E55) -> 0 | G55: 0
A56: 2010505 | B56: 专项统计业务 | D56: 0 | F56: =SUM(D56:E56) -> 0 | G56: 0
A57: 2010506 | B57: 统计管理 | D57: 0 | F57: =SUM(D57:E57) -> 0 | G57: 0
A58: 2010507 | B58: 专项普查活动 | D58: 0 | E58: 20 | F58: =SUM(D58:E58) -> 20 | G58: =C58+F58 -> 20
A59: 2010508 | B59: 统计抽样调查 | D59: 0 | F59: =SUM(D59:E59) -> 0 | G59: 0
A60: 2010550 | B60: 事业运行 | D60: 0 | F60: =SUM(D60:E60) -> 0 | G60: 0
A61: 2010599 | B61: 其他统计信息事务支出 | D61: 0 | F61: =SUM(D61:E61) -> 0 | G61: 0
A62: 20106 | B62: 财政事务 | C62: =SUM(C63:C72) -> 102 | D62: 0 | F62: =SUM(D62:E62) -> 0 | G62: =SUM(G63:G72) -> 102
A63: 2010601 | B63: 行政运行 | C63: 55 | D63: 0 | F63: =SUM(D63:E63) -> 0 | G63: =C63+F63 -> 55
A64: 2010602 | B64: 一般行政管理事务 | C64: 4 | D64: 0 | F64: =SUM(D64:E64) -> 0 | G64: =C64+F64 -> 4
A65: 2010603 | B65: 机关服务 | C65: 43 | D65: 0 | F65: =SUM(D65:E65) -> 0 | G65: =C65+F65 -> 43
A66: 2010604 | B66: 预算改革业务 | F66: =SUM(D66:E66) -> 0 | G66: 0
A67: 2010605 | B67: 财政国库业务 | D67: 0 | F67: =SUM(D67:E67) -> 0 | G67: 0
A68: 2010606 | B68: 财政监察 | D68: 0 | F68: =SUM(D68:E68) -> 0 | G68: 0
A69: 2010607 | B69: 信息化建设 | D69: 0 | F69: =SUM(D69:E69) -> 0 | G69: 0
A70: 2010608 | B70: 财政委托业务支出 | F70: =SUM(D70:E70) -> 0 | G70: 0
A71: 2010650 | B71: 事业运行 | D71: 0 | F71: =SUM(D71:E71) -> 0 | G71: 0
A72: 2010699 | B72: 其他财政事务支出 | D72: 0 | F72: =SUM(D72:E72) -> 0 | G72: 0
A73: 20107 | B73: 税收事务 | C73: =SUM(C74:C80) -> 0 | D73: =SUM(D74:D80) -> 0 | F73: =SUM(D73:E73) -> 0 | G73: =SUM(G74:G80) -> 0
A74: 2010701 | B74: 行政运行 | F74: =SUM(D74:E74) -> 0
A75: 2010702 | B75: 一般行政管理事务 | F75: =SUM(D75:E75) -> 0
A76: 2010703 | B76: 机关服务 | F76: =SUM(D76:E76) -> 0
A77: 2010709 | B77: 信息化建设 | F77: =SUM(D77:E77) -> 0
A78: 2010710 | B78: 税收业务 | F78: =SUM(D78:E78) -> 0
A79: 2010750 | B79: 事业运行 | F79: =SUM(D79:E79) -> 0
A80: 2010799 | B80: 其他税收事务支出 | D80: 0 | F80: =SUM(D80:E80) -> 0 | G80: 0
A81: 20108 | B81: 审计事务 | C81: =SUM(C82:C89) -> 0 | D81: =SUM(D82:D89) -> 0 | F81: =SUM(D81:E81) -> 0 | G81: =SUM(G82:G89) -> 0
A82: 2010801 | B82: 行政运行 | D82: 0 | F82: =SUM(D82:E82) -> 0 | G82: 0
A83: 2010802 | B83: 一般行政管理事务 | D83: 0 | F83: =SUM(D83:E83) -> 0 | G83: 0
A84: 2010803 | B84: 机关服务 | D84: 0 | F84: =SUM(D84:E84) -> 0 | G84: 0
A85: 2010804 | B85: 审计业务 | D85: 0 | F85: =SUM(D85:E85) -> 0 | G85: 0
A86: 2010805 | B86: 审计管理 | D86: 0 | F86: =SUM(D86:E86) -> 0 | G86: 0
A87: 2010806 | B87: 信息化建设 | D87: 0 | F87: =SUM(D87:E87) -> 0 | G87: 0
A88: 2010850 | B88: 事业运行 | D88: 0 | F88: =SUM(D88:E88) -> 0 | G88: 0
A89: 2010899 | B89: 其他审计事务支出 | D89: 0 | F89: =SUM(D89:E89) -> 0 | G89: 0
A90: 20109 | B90: 海关事务 | C90: =SUM(C91:C102) -> 0 | D90: =SUM(D91:D102) -> 0 | F90: =SUM(D90:E90) -> 0 | G90: =SUM(G91:G102) -> 0
A91: 2010901 | B91: 行政运行 | C91: 0 | D91: 0 | F91: =SUM(D91:E91) -> 0 | G91: 0
A92: 2010902 | B92: 一般行政管理事务 | C92: 0 | D92: 0 | F92: =SUM(D92:E92) -> 0 | G92: 0
A93: 2010903 | B93: 机关服务 | C93: 0 | D93: 0 | F93: =SUM(D93:E93) -> 0 | G93: 0
A94: 2010905 | B94: 缉私办案 | C94: 0 | D94: 0 | F94: =SUM(D94:E94) -> 0 | G94: 0
A95: 2010907 | B95: 口岸管理 | C95: 0 | D95: 0 | F95: =SUM(D95:E95) -> 0 | G95: 0
A96: 2010908 | B96: 信息化建设 | C96: 0 | D96: 0 | F96: =SUM(D96:E96) -> 0 | G96: 0
A97: 2010909 | B97: 海关关务 | C97: 0 | D97: 0 | F97: =SUM(D97:E97) -> 0 | G97: 0
A98: 2010910 | B98: 关税征管 | C98: 0 | D98: 0 | F98: =SUM(D98:E98) -> 0 | G98: 0
A99: 2010911 | B99: 海关监管 | C99: 0 | D99: 0 | F99: =SUM(D99:E99) -> 0 | G99: 0
A100: 2010912 | B100: 检验检疫 | C100: 0 | D100: 0 | F100: =SUM(D100:E100) -> 0 | G100: 0
A101: 2010950 | B101: 事业运行 | C101: 0 | D101: 0 | F101: =SUM(D101:E101) -> 0 | G101: 0
...

Sheet 一般预算支出-经济
A1: 附件3
A2: 址山镇2021年一般公共预算支出预算调整表
A3: （经济分类支出）
A5: 科目号 | B5: 科目名称 | C5: 2021年预算 | D5: 调整预算数 | E5: 预计完成数
A6: 一、一般公共预算支出 | C6: =C7+C12+C23+C31+C38+C42+C45+C49+C52+C58+C62+C67+C70 -> 13800 | D6: =D7+D12+D23+D31+D38+D42+D45+D49+D52+D58+D62+D67+D70 -> 1370.9 | E6: =E7+E12+E23+E31+E38+E42+E45+E49+E52+E58+E61+E66+E69 -> 15170.9
A7: 501 | B7: 机关工资福利支出 | C7: =SUM(C8:C11) -> 1692 | D7: =SUM(D8:D11) -> 30 | E7: =SUM(C7:D7) -> 1722
A8: 50101 | B8: 工资奖金津补贴 | C8: 1222 | E8: =SUM(C8:D8) -> 1222
A9: 50102 | B9: 社会保障缴费 | C9: 240 | E9: =SUM(C9:D9) -> 240
A10: 50103 | B10: 住房公积金 | C10: 110 | D10: 30 | E10: =SUM(C10:D10) -> 140
A11: 50199 | B11: 其他工资福利支出 | C11: 120 | E11: =SUM(C11:D11) -> 120
A12: 502 | B12: 机关商品和服务支出 | C12: =SUM(C13:C22) -> 3882 | D12: =SUM(D13:D22) -> 763 | E12: =SUM(C12:D12) -> 4645
A13: 50201 | B13: 办公经费 | C13: 507 | D13: 2 | E13: =SUM(C13:D13) -> 509
A14: 50202 | B14: 会议费 | C14: 7 | E14: =SUM(C14:D14) -> 7
A15: 50203 | B15: 培训费 | C15: 3 | E15: =SUM(C15:D15) -> 3
A16: 50204 | B16: 专用材料购置费 | C16: 0 | D16: 118 | E16: =SUM(C16:D16) -> 118
A17: 50205 | B17: 委托业务费 | C17: 221 | D17: 31 | E17: =SUM(C17:D17) -> 252
A18: 50206 | B18: 公务接待费 | C18: 43 | E18: =SUM(C18:D18) -> 43
A19: 50207 | B19: 因公出国（境）费用 | C19: 0 | E19: =SUM(C19:D19) -> 0
A20: 50208 | B20: 公务用车运行维护费 | C20: 30 | E20: =SUM(C20:D20) -> 30
A21: 50209 | B21: 维修(护)费 | C21: 505 | E21: =SUM(C21:D21) -> 505
A22: 50299 | B22: 其他商品和服务支出 | C22: 2566 | D22: =330+282 -> 612 | E22: =SUM(C22:D22) -> 3178
A23: 503 | B23: 机关资本性支出（一） | C23: =SUM(C24:C30) -> 0 | D23: =SUM(D24:D30) -> 56.9 | E23: =SUM(E24:E30) -> 56.9
A24: 50301 | B24: 房屋建筑物购建 | C24: 0 | E24: =SUM(C24:D24) -> 0
A25: 50302 | B25: 基础设施建设 | C25: 0 | D25: 56.9 | E25: =SUM(C25:D25) -> 56.9
A26: 50303 | B26: 公务用车购置 | C26: 0 | E26: =SUM(C26:D26) -> 0
A27: 50305 | B27: 土地征迁补偿和安置支出 | C27: 0 | E27: =SUM(C27:D27) -> 0
A28: 50306 | B28: 设备购置 | C28: 0 | E28: =SUM(C28:D28) -> 0
A29: 50307 | B29: 大型修缮 | C29: 0 | E29: =SUM(C29:D29) -> 0
A30: 50399 | B30: 其他资本性支出 | C30: 0 | E30: =SUM(C30:D30) -> 0
A31: 504 | B31: 机关资本性支出（二） | C31: =SUM(C32:C37) -> 0 | E31: =SUM(C31:D31) -> 0
A32: 50401 | B32: 房屋建筑物购建 | E32: =SUM(C32:D32) -> 0
A33: 50402 | B33: 基础设施建设 | E33: =SUM(C33:D33) -> 0
A34: 50403 | B34: 公务用车购置
A35: 50404 | B35: 设备购置
A36: 50405 | B36: 大型修缮
A37: 50499 | B37: 其他资本性支出
A38: 505 | B38: 对事业单位经常性补助 | C38: =SUM(C39:C41) -> 4827 | D38: =SUM(D39:D41) -> 200 | E38: =SUM(E39:E41) -> 5027
A39: 50501 | B39: 工资福利支出 | C39: 4493 | E39: =SUM(C39:D39) -> 4493
A40: 50502 | B40: 商品和服务支出 | C40: 334 | D40: 200 | E40: =SUM(C40:D40) -> 534
A41: 50599 | B41: 其他对事业单位补助
A42: 506 | B42: 对事业单位资本性补助 | C42: =SUM(C43:C44) -> 0 | D42: =SUM(D43:D44) -> 21 | E42: =SUM(E43:E44) -> 21
A43: 50601 | B43: 资本性支出（一） | D43: 21 | E43: =SUM(C43:D43) -> 21
A44: 50602 | B44: 资本性支出（二）
A45: 507 | B45: 对企业补助 | C45: =SUM(C46:C48) -> 0 | D45: =SUM(D46:D48) -> 24 | E45: =SUM(E46:E48) -> 24
A46: 50701 | B46: 费用补贴 | D46: 3 | E46: =SUM(C46:D46) -> 3
A47: 50702 | B47: 利息补贴 | E47: =SUM(C47:D47) -> 0
A48: 50799 | B48: 其他对企业补助 | D48: 21 | E48: =SUM(C48:D48) -> 21
A49: 508 | B49: 对企业资本性支出 | C49: =SUM(C50:C51) -> 0 | E49: =SUM(E50:E51) -> 0
A50: 50801 | B50: 对企业资本性支出（一）
A51: 50802 | B51: 对企业资本性支出（二）
A52: 509 | B52: 对个人和家庭的补助 | C52: =SUM(C53:C57) -> 3399 | D52: =SUM(D53:D57) -> 276 | E52: =SUM(E53:E57) -> 3675
A53: 50901 | B53: 社会福利和救助 | C53: 1820 | D53: 250 | E53: =SUM(C53:D53) -> 2070
A54: 50902 | B54: 助学金 | C54: 30 | D54: 6 | E54: =SUM(C54:D54) -> 36
A55: 50903 | B55: 个人农业生产补贴 | C55: 35 | E55: =SUM(C55:D55) -> 35
A56: 50905 | B56: 离退休费 | C56: 752 | D56: 1 | E56: =SUM(C56:D56) -> 753
A57: 50999 | B57: 其他对个人和家庭的补助 | C57: 762 | D57: 19 | E57: =SUM(C57:D57) -> 781
A58: 510 | B58: 对社会保障基金补助 | C58: =SUM(C59:C60) -> 0 | E58: =SUM(E59:E60) -> 0
A59: 51002 | B59: 对社会保险基金补助 | C59: 0
A60: 51003 | B60: 补充全国社会保障基金
A61: 511 | B61: 债务利息及费用支出 | C61: 0 | E61: =SUM(E62:E65) -> 0
A62: 51101 | B62: 国内债务付息 | C62: =SUM(C63:C66) -> 0 | E62: 0
A63: 51102 | B63: 国外债务付息 | C63: 0 | E63: 0
A64: 51103 | B64: 国内债务发行费用支出 | E64: 0
A65: 51104 | B65: 国外债务发行费用支出 | C65: 0
A66: 514 | B66: 预备费及预留 | E66: =SUM(E67:E68) -> 0
A67: 51401 | B67: 预备费 | C67: =SUM(C68:C69) -> 0 | E67: 0
A68: 51402 | B68: 预留 | C68: 0 | E68: 0
A69: 599 | B69: 其他支出 | C69: 0 | E69: 0
A70: 59906 | B70: 赠与
A71: 59907 | B71: 国家赔偿费用支出
A72: 59908 | B72: 对民间非营利组织和群众性自治组织补贴
A73: 59999 | B73: 其他支出 | C73: 0
A74: 二、上解上级支出 | C74: 461 | E74: 461
A75: 2300601 | B75: 体制上解支出 | C75: ='一般预算支出-功能'!C1345 -> 0 | E75: ='一般预算支出-功能'!G1345 -> 0
A76: 2300602 | B76: 专项上解支出 | C76: =C77+C78+C79 -> 461 | E76: =E77+E78+E79 -> 461
B77: 其中：出口退税上解 | C77: 294 | E77: 294
B78: 上解江门统筹发展资金 | C78: 26 | E78: 26
B79: 其他专项上解 | C79: 141 | E79: ='一般预算支出-功能'!G1349 -> 141
A80: 三、债务还本支出 | C80: =C81 -> 0 | E80: =E81 -> 0
A81: 23103 | B81: 地方政府一般债务还本支出 | C81: =C82 -> 0 | E81: =E82 -> 0
A82: 2310301 | B82: 地方政府一般债券还本支出 | C82: ='一般预算支出-功能'!C1352 -> 0 | E82: ='一般预算支出-功能'!G1352 -> 0
A83: 四、年终结余
A84: 23009 | B84: 年终结余
A85: 五、安排预算稳定调节基金
A86: 支出合计 | C86: 14261 | D86: =D6+D74 -> 1370.9 | E86: =SUM(C86:D86) -> 15631.9
